 Dungeon Crawl Stone Soup version 0.30.1-3-gfc49f6343a (webtiles) character file.

Game seed: 10940003319410668000

8 CaptainMV the Conjurer (level 2, -2/19 HPs)
             Began as a Demonspawn Wanderer on Aug 7, 2023.
             Slain by a quokka (3 damage)
             ... on level 1 of the Dungeon.
             The game lasted 00:03:21 (306 turns).

CaptainMV the Conjurer (Demonspawn Wanderer)         Turns: 306, Time: 00:03:21

Health: -2/19      AC:  2    Str: 12    XL:     2   Next: 0%
Magic:  0/3        EV: 11    Int: 14    God:
Gold:   22         SH:  0    Dex: 11    Spells: 2/3 levels left

rFire   . . .        a - +0 dagger
rCold   . . .        (no shield)
rNeg    . . .        d - +0 robe
rPois   .            (no helmet)
rElec   .            (no cloak)
rCorr   .            (no gloves)
SInv    .            (no boots)
Will    .....        (no amulet)
Stlth   +            (no ring)
HPRegen 0.23/turn    (no ring)
MPRegen 0.08/turn

%: no passive effects
@: no status effects
A: sturdy frame 1
a: no special abilities


You were on level 1 of the Dungeon.
You visited 1 branch of the dungeon, and saw 1 of its levels.

You collected 22 gold pieces.

Inventory:

Hand Weapons
 a - a +0 dagger (weapon)
Missiles
 b - 12 poisoned darts (quivered)
Armour
 d - a +0 robe (worn)
Scrolls
 c - a scroll of summoning
Potions
 e - 3 potions of curing
 f - a potion of attraction {unknown}
 g - a potion of lignification {unknown}
 h - a potion of haste {unknown}


   Skills:
 + Level 1.8 Throwing
 + Level 1.0 Armour
 + Level 1.0 Spellcasting
 + Level 4.4 Conjurations
 + Level 1.0 Summonings
 + Level 1.0 Evocations


You had 2 spell levels left.
You knew the following spells:

 Your Spells              Type           Power      Damage    Failure   Level
a - Shock                 Conj/Air       24%        1d4       11%         1

Your spell library contained the following spells:

 Spells                   Type           Power      Damage    Failure   Level
 Magic Dart               Conj           52%        1d5       4%          1
 Momentum Strike          Conj/Tloc      12%        3d8       16%         2
 Summon Small Mammal      Summ           12%        N/A       17%         1
 Summon Guardian Golem    Hex/Summ       2%         N/A       54%         3


Dungeon Overview and Level Annotations

Branches:
Dungeon (1/15)

Altars:


Innate Abilities, Weirdness & Mutations

Your movements are slightly less encumbered by armour. (ER -2)


Message History

The giant cockroach bites you. The hobgoblin hits you.
You barely miss the giant cockroach.
The giant cockroach is moderately wounded.
The giant cockroach closely misses you.
The hobgoblin hits you but does no damage.
You closely miss the giant cockroach.
The giant cockroach is moderately wounded.
The quokka bites you. The giant cockroach barely misses you.
The giant cockroach bites you but does no damage.
The hobgoblin hits you. The quokka barely misses you.
You hit the quokka.
The quokka is severely wounded.
The quokka bites you but does no damage.
The giant cockroach bites you. The hobgoblin barely misses you.
You barely miss the quokka.
The quokka is severely wounded.
The quokka misses you. The giant cockroach bites you.
The hobgoblin closely misses you.
You barely miss the quokka.
The quokka is severely wounded.
The quokka bites you but does no damage.
The giant cockroach bites you but does no damage.
The hobgoblin hits you.
* * * LOW HITPOINT WARNING * * *
You completely miss the quokka.
The quokka is severely wounded.
The quokka closely misses you. The giant cockroach closely misses you.
The hobgoblin hits you.
* * * LOW HITPOINT WARNING * * *
You miss the quokka.
The quokka is severely wounded.
The quokka bites you.
* * * LOW HITPOINT WARNING * * *
The giant cockroach bites you but does no damage.
The giant cockroach closely misses you. The hobgoblin closely misses you.
The quokka closely misses you.
You hit the quokka but do no damage.
The quokka is severely wounded.
The quokka bites you.
You die...

#..........#
..........#
.........#
........###
..........
#.........
#####..r......
#...'.@B......
#.###..g......
#.# #.........
#.# #.........
#.# #.........
#.# #.........
#.# #####+####
#.# #.#


You could see a quokka, a giant cockroach and a hobgoblin.

Vanquished Creatures
  A goblin (D:1)
  A hobgoblin (D:1)
  A quokka (D:1)
  A bat (D:1)
  2 frilled lizards (D:1)
  2 kobolds (D:1)
  A rat (D:1)
9 creatures vanquished.

Notes
Turn   | Place    | Note
-------+----------+-------------------------------------------
     0 | D:1      | CaptainMV the Demonspawn Wanderer began the quest for the
                  | Orb.
     0 | D:1      | CaptainMV set off with the following items: a +0 dagger, 12
                  | poisoned darts, a scroll of summoning, a +0 robe; and the
                  | following spells available to memorise: Magic Dart, Shock,
                  | Summon Small Mammal, Momentum Strike, Summon Guardian
                  | Golem.
     0 | D:1      | Reached XP level 1. HP: 13/13 MP: 2/2
     2 | D:1      | Learned a level 1 spell: Shock
   281 | D:1      | Gained mutation: Your movements are slightly less
                  | encumbered by armour. (ER -2) [demonic ancestry]
   281 | D:1      | Reached XP level 2. HP: 15/19 MP: 3/3
   306 | D:1      | Slain by a quokka

Illustrated notes

Levels and vault maps discovered:
D:1:      minmay_arrival_semitransparent, layout_basic, skrybe_limestone_x

Action                     || total
---------------------------++-------
  Melee: Dagger            ||    25
   Cast: Shock             ||     9
    Use: Scroll            ||     1
   Stab: Sleeping          ||     1
 Armour: Robe              ||    10
  Dodge: Dodged            ||    23
